 Dungeon Sprint DCSS version 0.21.1-1-g345015f (webtiles) character file.

1512 wilfster70 the Unseen (level 8, -3/52 HPs)
             Began as a Vampire Enchanter on Apr 4, 2018.
             Was a Follower of Wu Jian.
             Killed by an exploding ballistomycete spore (27 damage)
             ... in the Dungeon (Sprint I: "Red Sonja").
             The game lasted 00:03:32 (519 turns).

wilfster70 the Unseen (Vampire Enchanter)            Turns: 519, Time: 00:03:32

Health: -3/52      AC:  4    Str:  7    XL:     8   Next: 53%
Magic:  20/20      EV: 12    Int: 20    God:    Wu Jian [*.....]
Gold:   283        SH:  0    Dex: 14    Spells: 16/24 levels left

rFire    . . .     SeeInvis +   a - +1 dagger
rCold    . . .     Gourm    .   (no shield)
rNeg     + . .     Faith    .   o - +2 robe {MR+}
rPois    .         Spirit   .   (no helmet)
rElec    .         Reflect  .   (no cloak)
rCorr    .         Harm     .   (no gloves)
MR       +....     NoTele   +   (no boots)
Stlth    +++++++...             (no amulet)
HPRegen  0.17/turn              (no ring)
MPRegen  0.17/turn              (no ring)

@: no status effects
A: fangs 3, see invisible, unbreathing
a: Bat Form, Renounce Religion


You were in the Dungeon.
You worshipped Wu Jian.
Wu Jian was aware of your devotion.
You were not thirsty.

You visited 1 branch You collected 513 gold pieces.
You spent 230 gold pieces at shops.

Inventory:

Hand Weapons
 a - a +1 dagger (weapon)
Armour
 o - a +2 robe of magic resistance (worn)
Scrolls
 i - a scroll of remove curse {unknown}
 j - a scroll of blinking
 k - a scroll of random uselessness {unknown}
 m - a scroll of fear {unknown}
 n - a scroll of amnesia {unknown}
Potions
 d - 2 potions of blood
 e - a potion of curing
 f - a potion of heal wounds
 g - a potion of haste
 h - 2 potions of magic
Books
 c - a book of Maledictions

   Spells                             Type                      Level
   a - Corona                         Hexes                        1
   b - Ensorcelled Hibernation        Hexes/Ice                    2
   c - Confuse                        Hexes                        3
   d - Tukima's Dance                 Hexes                        3
   e - Dazzling Spray                 Conjuration/Hexes            3
 l - a book of Minor Magic

   Spells                             Type                      Level
   a - Magic Dart                     Conjuration                  1
   b - Blink                          Translocation                2
   c - Call Imp                       Summoning                    2
   d - Slow                           Hexes                        2
   e - Conjure Flame                  Conjuration/Fire             3
   f - Mephitic Cloud                 Conjuration/Poison/Air       3


   Skills:
 + Level 3.9 Short Blades
 - Level 2.1 Dodging
 * Level 18.6 Stealth
 + Level 8.7 Spellcasting
 - Level 9.2 Hexes
 + Level 8.6 Ice Magic


You had 16 spell levels left.
You knew the following spells:

 Your Spells              Type           Power        Failure   Level  Hunger
a - Corona                Hex            #####..      1%          1    None
b - Ensorcelled Hibernat  Hex/Ice        #####.       1%          2    None
c - Confuse               Hex            #####...     1%          3    None
g - Call Imp              Summ           #.......     12%         2    None


Dungeon Overview and Level Annotations

Branches:
Dungeon (1/1)

Altars:
Cheibriados
Dithmenos
Elyvilon
Fedhas
Gozag
Hepliaklqana
Kikubaaqudgha
Nemelex Xobeh
Okawaru
Qazlal
Ru
Sif Muna
Trog
Uskayaw
Vehumet
Wu Jian
Yredelemnul
Zin
The Shining One

Shops:
D ([[


Innate Abilities, Weirdness & Mutations

You have razor-sharp teeth.
You have supernaturally acute eyesight. (SInv)
You can survive without breathing.


Message History

There is a hazy altar of Hepliaklqana here.
You see here a yak skeleton.
There is an open door here.
You see here a curare-tipped needle.
There is an open door here.
You open the door. 2 ballistomycete spores come into view.
Found 98 gold pieces, 2 potions of curing, a flail and a hand axe.
Found 54 gold pieces.
There is an open door here.
The helpless ballistomycete spore fails to defend itself.
You spit the ballistomycete spore like a pig!!!!
The ballistomycete spore explodes!
The explosion of spores engulfs you!
Ouch! That really hurt!
The explosion of spores engulfs the ballistomycete spore.
The ballistomycete spore explodes!
The explosion of spores engulfs you!
Ouch! That really hurt!
You die...

#..#_____##'#_.+
#⌠⌠#_.∩..÷'.(._#
####_..__##_.#'##+###
#_____###'#(#.)).###
############.####'###.##
#∩........'.).'.....'.∩#
###++++####...##########
##.## #@# #$!$!$#
#$))$$# #######


There were no monsters in sight!

Vanquished Creatures
  Sonja (D)
  A deep troll (D)
  Sigmund (D)
  A yak (D)
  An ogre (D)
  A jelly (D)
  Ijyb (D)
7 creatures vanquished.

Vanquished Creatures (others)
  A gargoyle (D)
1 creature vanquished.

Grand Total: 8 creatures vanquished

Notes
Turn   | Place    | Note
-------+----------+-------------------------------------------
     0 | D        | wilfster70 the Vampire Enchanter began the quest for the Orb.
     0 | D        | Reached XP level 1. HP: 13/13 MP: 3/3
     2 | D        | Noticed Ijyb
    16 | D        | Killed Ijyb
    16 | D        | Reached skill level 7 in Stealth
    16 | D        | Reached XP level 2. HP: 18/19 MP: 4/6
    23 | D        | Learned a level 2 spell: Ensorcelled Hibernation
   114 | D        | Noticed an ogre
   123 | D        | Killed an ogre
   123 | D        | Reached skill level 10 in Stealth
   123 | D        | Reached XP level 3. HP: 24/24 MP: 0/8
   123 | D        | Reached XP level 4. HP: 30/30 MP: 0/10
   203 | D        | Noticed Sigmund
   208 | D        | Killed Sigmund
   208 | D        | Reached skill level 12 in Stealth
   208 | D        | Reached skill level 5 in Spellcasting
   208 | D        | Reached XP level 5. HP: 35/35 MP: 4/13
   214 | D        | Learned a level 3 spell: Confuse
   223 | D        | Killed a gargoyle
   284 | D        | Found a deep blue altar of Sif Muna.
   285 | D        | Found an ornate altar of the Wu Jian Council.
   286 | D        | Found a radiant altar of Vehumet.
   290 | D        | Reached skill level 13 in Stealth
   290 | D        | Reached XP level 6. HP: 41/41 MP: 14/14
   292 | D        | Became a worshipper of the Wu Jian Council
   295 | D        | Found Kirut's Armour Emporium.
   295 | D        | Found an ancient bone altar of Kikubaaqudgha.
   295 | D        | Found a hazy altar of Hepliaklqana.
   295 | D        | Found a stormy altar of Qazlal.
   295 | D        | Found a hide-covered altar of Uskayaw.
   295 | D        | Found a blossoming altar of Fedhas.
   295 | D        | Found a bloodstained altar of Trog.
   295 | D        | Found an iron altar of Okawaru.
   295 | D        | Found a basalt altar of Yredelemnul.
   295 | D        | Found a glowing golden altar of the Shining One.
   295 | D        | Found a snail-covered altar of Cheibriados.
   295 | D        | Found a sacrificial altar of Ru.
   295 | D        | Found a glowing silver altar of Zin.
   295 | D        | Found a shadowy altar of Dithmenos.
   295 | D        | Found a white marble altar of Elyvilon.
   295 | D        | Noticed a yak
   296 | D        | Found an opulent altar of Gozag.
   296 | D        | Killed a yak
   296 | D        | Reached skill level 14 in Stealth
   296 | D        | Reached skill level 5 in Ice Magic
   297 | D        | Found a sparkling altar of Nemelex Xobeh.
   329 | D        | Noticed Sonja
   332 | D        | Killed Sonja
   332 | D        | Reached skill level 17 in Stealth
   332 | D        | Reached XP level 7. HP: 43/46 MP: 13/18
   416 | D        | Found Behutteamyh's Weapon Boutique.
   436 | D        | Noticed a deep troll
   439 | D        | Killed a deep troll
   439 | D        | Reached * piety under Wu Jian
   439 | D        | Reached skill level 18 in Stealth
   439 | D        | Reached XP level 8. HP: 52/52 MP: 18/20
   449 | D        | Found Mobotog's Armour Emporium.
   459 | D        | Learned a level 2 spell: Call Imp
   494 | D        | Bought a +2 robe of magic resistance for 230 gold pieces
   519 | D        | Killed by an exploding ballistomycete spore

Skill      XL: |  1  2  3  4  5  6  7 |
---------------+----------------------+-----
Stealth        | 7 10 12 13 17 18 | 18.6
Spellcasting   | 3 4 5 8 |  8.7
Hexes          | 6 7 9 |  9.2
Ice Magic      | 2 4 7 8 |  8.6
Short Blades   | 3 |  3.9
Dodging        | |  2.1

Action                   |  1- 3 |  4- 6 |  7- 9 || total
-------------------------+-------+-------+-------++-------
Melee: Dagger            |    15 |     4 |     2 ||    21
       Bite              |     1 |       |       ||     1
 Cast: Ensorcelled Hiber |     3 |     4 |       ||     7
Invok: Lunge             |       |     2 |     1 ||     3
  Use: Potion            |     1 |       |       ||     1
 Stab: Sleeping          |     1 |     4 |     2 ||     7
Armor: Robe              |     1 |       |       ||     1
Dodge: Dodged            |     6 |     2 |       ||     8
